Workbook

Sheet Planilha1
A3: ITEM | B3: CÓDIGO | C3: DESCRIÇÃO | D3: UNIDADE | E3: QUANT. | F3: VALOR UNIT | G3: TOTAL | H3: %
B5: AMPLIAÇÃO
B6: Fundação
B7: 94965 | C7: CONCRETO FCK = 25MPA, TRAÇO 1:2,3:2,7 (EM MASSA SECA DE CIMENTO/ AREIA MÉDIA/ BRITA 1) - PREPARO MECÂNICO COM BETONEIRA 400 L. AF_05/2021 | D7: M3 | F7: 550.67 | G7: =E7*F7 -> 0
B8: 104919 | C8: ARMAÇÃO DE SAPATA ISOLADA, VIGA BALDRAME E SAPATA CORRIDA UTILIZANDO AÇO CA-50 DE 10 MM - MONTAGEM. AF_01/2024 | D8: KG | F8: 13.13 | G8: =E8*F8 -> 0
G9: =E9*F9 -> 0
G10: =E10*F10 -> 0
B11: Estrutura | G11: =E11*F11 -> 0
B12: 92269 | C12: FABRICAÇÃO DE FÔRMA PARA PILARES E ESTRUTURAS SIMILARES, EM MADEIRA SERRADA, E=25 MM. AF_09/2020 | D12: M2 | F12: 122.2 | G12: =E12*F12 -> 0
B13: 96546 | C13: ARMAÇÃO DE BLOCO UTILIZANDO AÇO CA-50 DE 10 MM - MONTAGEM. AF_01/2024 | D13: KG | F13: 14.52 | G13: =E13*F13 -> 0
B14: 94965 | C14: CONCRETO FCK = 25MPA, TRAÇO 1:2,3:2,7 (EM MASSA SECA DE CIMENTO/ AREIA MÉDIA/ BRITA 1) - PREPARO MECÂNICO COM BETONEIRA 400 L. AF_05/2021 | D14: M3 | F14: 550.67 | G14: =E14*F14 -> 0
G15: =E15*F15 -> 0
B16: Alvenaria | G16: =E16*F16 -> 0
B17: 97624 | C17: DEMOLIÇÃO DE ALVENARIA DE TIJOLO MACIÇO, DE FORMA MANUAL, SEM REAPROVEITAMENTO. AF_09/2023 | D17: M3 | E17: 12.28 | F17: 122.38 | G17: =E17*F17 -> 1502.8264
B18: 101165 | C18: ALVENARIA DE EMBASAMENTO COM BLOCO ESTRUTURAL DE CONCRETO, DE 14X19X29CM E ARGAMASSA DE ASSENTAMENTO COM PREPARO EM BETONEIRA. AF_05/2020 | D18: M3 | E18: 32.36 | F18: 1157.92 | G18: =E18*F18 -> 37470.291
B19: 87905 | C19: CHAPISCO APLICADO EM ALVENARIA (COM PRESENÇA DE VÃOS) E ESTRUTURAS DE CONCRETO DE FACHADA, COM COLHER DE PEDREIRO. ARGAMASSA TRAÇO 1:3 COM PREPARO EM BETONEIRA 400L. AF_10/2022 | D19: M2 | E19: 231.21 | F19: 8.82 | G19: =E19*F19 -> 2039.2722
G20: =E20*F20 -> 0
G21: =E21*F21 -> 0
B22: Cobertura | G22: =E22*F22 -> 0
B23: 92606 | C23: FABRICAÇÃO E INSTALAÇÃO DE TESOURA INTEIRA EM AÇO, VÃO DE 5 M, PARA TELHA ONDULADA DE FIBROCIMENTO, METÁLICA, PLÁSTICA OU TERMOACÚSTICA, INCLUSO IÇAMENTO, EXCLUSIVE PINTURA. AF_10/2025 | D23: UN | F23: 905.94 | G23: =E23*F23 -> 0
B24: 94216 | C24: TELHAMENTO COM TELHA METÁLICA TERMOACÚSTICA E = 30 MM, COM ATÉ 2 ÁGUAS, INCLUSO IÇAMENTO. AF_07/2019 | D24: M2 | F24: 162.41 | G24: =E24*F24 -> 0
B25: 92580 | C25: TRAMA DE AÇO COMPOSTA POR TERÇAS PARA TELHADOS DE ATÉ 2 ÁGUAS PARA TELHA ONDULADA DE FIBROCIMENTO, METÁLICA, PLÁSTICA OU TERMOACÚSTICA, INCLUSO TRANSPORTE VERTICAL, EXCLUSIVE PINTURA. AF_10/2025_PS | D25: M2 | F25: 51.71 | G25: =E25*F25 -> 0
B26: 96113 | C26: FORRO EM PLACAS DE GESSO, PARA AMBIENTES COMERCIAIS. AF_08/2023_PS | D26: M2 | E26: 95 | F26: 51.93 | G26: =E26*F26 -> 4933.35
B27: 94229 | C27: CALHA EM CHAPA DE AÇO GALVANIZADO NÚMERO 24, DESENVOLVIMENTO DE 100 CM, INCLUSO TRANSPORTE VERTICAL. AF_07/2019 | D27: M | E27: 19 | F27: 195.98 | G27: =E27*F27 -> 3723.62
G28: =E28*F28 -> 0
B29: Esquadrias | G29: =E29*F29 -> 0
B30: 106145 | C30: PORTA DE ALUMÍNIO DE ABRIR, P/ VIDRO, C/ GUARNIÇÃO, 87X210CM, FIXAÇÃO COM ARGAMASSA. AF_10/2025 | D30: UN | E30: 5 | F30: 1280.32 | G30: =E30*F30 -> 6401.6
B31: 94569 | C31: JANELA DE ALUMÍNIO TIPO MAXIM-AR, BATENTE/ REQUADRO 3 A 14 CM, VIDRO INCLUSO, FIXAÇÃO COM PARAFUSO, SEM GUARNIÇÃO/ ALIZAR, DIMENSÕES 60X80 (A X L) CM, SEM ACABAMENTO, VEDAÇÃO COM SILICONE, EXCLUSIVE CONTRAMARCO - FORNECIMENTO E INSTALAÇÃO. AF_11/2024 | D31: M2 | E31: 0.9 | F31: 825.12 | G31: =E31*F31 -> 742.608
B32: 106141 | C32: PORTA CORTA-FOGO 160X210X5CM COM BARRA ANTI PÂNICO - FORNECIMENTO E INSTALAÇÃO. AF_10/2025 | D32: UN | E32: 1 | F32: 1850 | G32: =E32*F32 -> 1850
G33: =E33*F33 -> 0
B34: Piso | G34: =E34*F34 -> 0
B35: 90930 | C35: CONTRAPISO ACÚSTICO EM ARGAMASSA TRAÇO 1:4 (CIMENTO E AREIA), PREPARO MECÂNICO COM BETONEIRA 400L, APLICADO EM ÁREAS SECAS, ACABAMENTO NÃO REFORÇADO, ESPESSURA 5CM. AF_07/2021 | D35: M2 | E35: 4.75 | F35: 88.71 | G35: =E35*F35 -> 421.3725
G36: =E36*F36 -> 0
B37: 87263 | C37: REVESTIMENTO CERÂMICO PARA PISO COM PLACAS TIPO PORCELANATO DE DIMENSÕES 60X60 CM APLICADA EM AMBIENTES DE ÁREA MAIOR QUE 10 M². AF_02/2023_PE | D37: M2 | E37: 36.57 | F37: 117.23 | G37: =E37*F37 -> 4287.1011
B38: 104611 | C38: REVESTIMENTO CERÂMICO PARA PAREDES INTERNAS COM PLACAS TIPO ESMALTADA DE DIMENSÕES 60X60 CM APLICADAS NA ALTURA INTEIRA DAS PAREDES. AF_02/2023_PE | D38: M2 | E38: 49.73 | F38: 97.24 | G38: =E38*F38 -> 4835.7452
B39: 106790 | C39: PISO VINÍLICO SEMI-FLEXÍVEL EM RÉGUAS, PADRÃO LISO, ESPESSURA 3,2 MM, FIXADO COM COLA. AF_02/2026 | D39: M2 | E39: 36.5 | F39: 174.66 | G39: =E39*F39 -> 6375.09
G40: =E40*F40 -> 0
B41: Pintura | G41: =E41*F41 -> 0
B42: 88485 | C42: FUNDO SELADOR ACRÍLICO, APLICAÇÃO MANUAL EM PAREDE, UMA DEMÃO. AF_04/2023 | D42: M2 | E42: 231.21 | F42: 4.02 | G42: =E42*F42 -> 929.4642
B43: 88489 | C43: PINTURA LÁTEX ACRÍLICA PREMIUM, APLICAÇÃO MANUAL EM PAREDES, DUAS DEMÃOS. AF_04/2023 | D43: M2 | E43: 231.21 | F43: 14.1 | G43: =E43*F43 -> 3260.061
B44: 88488 | C44: PINTURA LÁTEX ACRÍLICA PREMIUM, APLICAÇÃO MANUAL EM TETO, DUAS DEMÃOS. AF_04/2023 | D44: M2 | E44: 231.21 | F44: 16.64 | G44: =E44*F44 -> 3847.3344
B45: 88484 | C45: FUNDO SELADOR ACRÍLICO, APLICAÇÃO MANUAL EM TETO, UMA DEMÃO. AF_04/2023 | D45: M2 | E45: 231.21 | F45: 5.05 | G45: =E45*F45 -> 1167.6105
B46: Elétrica | G46: =E46*F46 -> 0
B47: 91940 | C47: CAIXA RETANGULAR 4" X 2" MÉDIA (1,30 M DO PISO), PVC, INSTALADA EM PAREDE - FORNECIMENTO E INSTALAÇÃO. AF_03/2023 | D47: UN | E47: 1 | F47: 20.6 | G47: =E47*F47 -> 20.6
B48: 91855 | C48: ELETRODUTO FLEXÍVEL CORRUGADO REFORÇADO, PVC, DN 25 MM (3/4"), PARA CIRCUITOS TERMINAIS, INSTALADO EM PAREDE - FORNECIMENTO E INSTALAÇÃO. AF_03/2023 | D48: M | F48: 13.59 | G48: =E48*F48 -> 0
B49: 91835 | C49: ELETRODUTO FLEXÍVEL CORRUGADO REFORÇADO, PVC, DN 25 MM (3/4"), PARA CIRCUITOS TERMINAIS, INSTALADO EM FORRO - FORNECIMENTO E INSTALAÇÃO. AF_03/2023 | D49: M | F49: 21.62 | G49: =E49*F49 -> 0
B50: 91926 | C50: CABO DE COBRE FLEXÍVEL ISOLADO, 2,5 MM², ANTI-CHAMA 450/750 V, PARA CIRCUITOS TERMINAIS - FORNECIMENTO E INSTALAÇÃO. AF_03/2023 | D50: M | F50: 4.89 | G50: =E50*F50 -> 0
B51: 91928 | C51: CABO DE COBRE FLEXÍVEL ISOLADO, 4 MM², ANTI-CHAMA 450/750 V, PARA CIRCUITOS TERMINAIS - FORNECIMENTO E INSTALAÇÃO. AF_03/2023 | D51: M | F51: 7.56 | G51: =E51*F51 -> 0
B52: 91930 | C52: CABO DE COBRE FLEXÍVEL ISOLADO, 6 MM², ANTI-CHAMA 450/750 V, PARA CIRCUITOS TERMINAIS - FORNECIMENTO E INSTALAÇÃO. AF_03/2023 | D52: M | F52: 10.56 | G52: =E52*F52 -> 0
B53: 91961 | C53: INTERRUPTOR PARALELO (2 MÓDULOS), 10A/250V, INCLUINDO SUPORTE E PLACA - FORNECIMENTO E INSTALAÇÃO. AF_03/2023 | D53: UN | F53: 67.26 | G53: =E53*F53 -> 0
B54: 91981 | C54: INTERRUPTOR BIPOLAR (1 MÓDULO), 10A/250V, INCLUINDO SUPORTE E PLACA - FORNECIMENTO E INSTALAÇÃO. AF_03/2023 | D54: UN | F54: 57.17 | G54: =E54*F54 -> 0
B55: 92008 | C55: TOMADA BAIXA DE EMBUTIR (2 MÓDULOS), 2P+T 10 A, INCLUINDO SUPORTE E PLACA - FORNECIMENTO E INSTALAÇÃO. AF_03/2023 | D55: UN | F55: 55.74 | G55: =E55*F55 -> 0
B56: 92004 | C56: TOMADA MÉDIA DE EMBUTIR (2 MÓDULOS), 2P+T 10 A, INCLUINDO SUPORTE E PLACA - FORNECIMENTO E INSTALAÇÃO. AF_03/2023 | D56: UN | F56: 64.6 | G56: =E56*F56 -> 0
B57: 91992 | C57: TOMADA ALTA DE EMBUTIR (1 MÓDULO), 2P+T 10 A, INCLUINDO SUPORTE E PLACA - FORNECIMENTO E INSTALAÇÃO. AF_03/2023 | D57: UN | F57: 51.84 | G57: =E57*F57 -> 0
B58: 103782 | C58: LUMINÁRIA TIPO PLAFON CIRCULAR, DE SOBREPOR, COM LED DE 12/13 W - FORNECIMENTO E INSTALAÇÃO. AF_09/2024 | D58: UN | E58: 16 | F58: 29.81 | G58: =E58*F58 -> 476.96
B59: 105546 | C59: LUMINÁRIA TIPO SPOT, DE EMBUTIR, COM 1 LÂMPADA LED PAR20 - FORNECIMENTO E INSTALAÇÃO. AF_09/2024 | D59: UN | E59: 9 | F59: 0 | G59: =E59*F59 -> 0
G60: =E60*F60 -> 0
G61: =E61*F61 -> 0
B62: Hidraulica | G62: =E62*F62 -> 0
B63: 97126 | C63: ASSENTAMENTO DE TUBO DE PVC PBA PARA REDE DE ÁGUA, DN 100 MM, JUNTA ELÁSTICA INTEGRADA, INSTALADO EM LOCAL COM NÍVEL BAIXO DE INTERFERÊNCIAS (NÃO INCLUI FORNECIMENTO). AF_05/2024 | D63: M | F63: 3.55 | G63: =E63*F63 -> 0
B64: 97124 | C64: ASSENTAMENTO DE TUBO DE PVC PBA PARA REDE DE ÁGUA, DN 50 MM, JUNTA ELÁSTICA INTEGRADA, INSTALADO EM LOCAL COM NÍVEL BAIXO DE INTERFERÊNCIAS (NÃO INCLUI FORNECIMENTO). AF_05/2024 | D64: M | F64: 2.51 | G64: =E64*F64 -> 0
G65: =E65*F65 -> 0
B66: Acabamento | G66: =E66*F66 -> 0
B67: 102257 | C67: DIVISORIA SANITÁRIA, EM PAINEL DE GRANILITE, ESP = 3CM, ASSENTADO COM ARGAMASSA COLANTE AC III-E. AF_10/2025 | D67: M2 | E67: 18.75 | F67: 399.14 | G67: =E67*F67 -> 7483.875
B68: 86937 | C68: CUBA DE EMBUTIR OVAL EM LOUÇA BRANCA, 35 X 50 CM OU EQUIVALENTE, INCLUSO VÁLVULA EM METAL CROMADO E SIFÃO FLEXÍVEL EM PVC - FORNECIMENTO E INSTALAÇÃO. AF_02/2026 | D68: UN | E68: 7 | F68: 288.09 | G68: =E68*F68 -> 2016.63
G69: =E69*F69 -> 0
G70: =E70*F70 -> 0
G71: =E71*F71 -> 0
B72: 102619 | C72: CAIXA D´ÁGUA EM POLIÉSTER REFORÇADO COM FIBRA DE VIDRO, 10000 LITROS - FORNECIMENTO E INSTALAÇÃO. AF_06/2021 | D72: UN | E72: 1 | F72: 5942.14 | G72: =E72*F72 -> 5942.14
G73: =E73*F73 -> 0
G74: =E74*F74 -> 0
G75: =E75*F75 -> 0
G76: =E76*F76 -> 0
B77: PPCI | G77: =E77*F77 -> 0
G78: =E78*F78 -> 0
G79: =E79*F79 -> 0
G80: =E80*F80 -> 0
G81: =E81*F81 -> 0
G82: =E82*F82 -> 0
G83: =E83*F83 -> 0
G84: =E84*F84 -> 0
G85: =E85*F85 -> 0
G86: =E86*F86 -> 0
G87: =E87*F87 -> 0
G88: =E88*F88 -> 0
G89: =E89*F89 -> 0

Sheet Planilha2
A3: Obra: Ginasio Escola Neli Betemps | F3: Bancos: | H3: SINAPI - 04/2026 | J3: Encargos: Não desonerado
F5: BDI: | G5: =BDI!C19 -> 0.24529647 | H5: Preço Total com BDI: | I5: =L7*(1+$G$5) -> 231630.33
J7: =SUM(J15+J30+J53+J63+J89+J210+J242+J259+J283+J300) -> 137331.31 | K7: =SUM(K9+K15+K30+K53+K63+K89+K210+K242+K259+K283+K300) -> 48672.859 | L7: =SUM(L9+L15+L30+L53+L63+L88+L241) -> 186004.17 | M7: =L7*(1+$G$5) -> 231630.33
A8: ITEM | B8: TIPO DE ITEM | C8: CÓDIGO DE ITEM | D8: BANCO | E8: DESCRIÇÃO | F8: UNIDADE | G8: Coluna1 | H8: QUANT. | I8: VALOR UNIT | J8: MATERIAL | K8: MO | L8: TOTAL | M8: TOTAL COM BDI
A9: 1 | B9: Serviços Preliminares | J9: 0 | K9: =SUM(K10:K14) -> 2041.7187 | L9: =SUM(L10+L13) -> 2041.7187 | M9: =L9*(1+$G$5) -> 2542.5451
B10: 97624 | D10: SINAPI | E10: DEMOLIÇÃO DE ALVENARIA DE TIJOLO MACIÇO, DE FORMA MANUAL, SEM REAPROVEITAMENTO. AF_09/2023 | F10: M3 | H10: 12.28 | I10: 122.38 | K10: =Tabela1[[#This Row],[Coluna1]]*H9 -> 0 | L10: =H10*I10 -> 1502.8264 | M10: =L10*(1+$G$5) -> 1871.4644
B11: COMPOSIÇÃO | C11: 88316 | D11: SINAPI | E11: SERVENTE COM ENCARGOS COMPLEMENTARES | F11: H | G11: 4.1278 | H11: 24.83 | I11: 102.49 | K11: =Tabela1[[#This Row],[VALOR UNIT]]*H10 -> 1258.5772 | L11: 0 | M11: =L11*(1+$G$5) -> 0
B12: COMPOSIÇÃO | C12: 88309 | D12: SINAPI | E12: PEDREIRO COM ENCARGOS COMPLEMENTARES | F12: H | G12: 0.6658 | H12: 29.88 | I12: 19.89 | K12: =Tabela1[[#This Row],[VALOR UNIT]]*H10 -> 244.2492 | L12: 0 | M12: =L12*(1+$G$5) -> 0
B13: 98524 | D13: SINAPI | E13: LIMPEZA MANUAL DE VEGETAÇÃO EM TERRENO COM ENXADA. AF_03/2024 | F13: M2 | H13: 101.87 | I13: 5.29 | K13: =Tabela1[[#This Row],[Coluna1]]*H12 -> 0 | L13: =H13*I13 -> 538.8923 | M13: =L13*(1+$G$5) -> 671.08068
B14: COMPOSIÇÃO | C14: 88316 | D14: SINAPI | E14: SERVENTE COM ENCARGOS COMPLEMENTARES | F14: H | H14: 24.83 | I14: 5.29 | K14: =Tabela1[[#This Row],[VALOR UNIT]]*H13 -> 538.8923 | L14: 0 | M14: =L14*(1+$G$5) -> 0
A15: 2 | B15: Fundação | J15: =SUM(J16:J29) -> 4928.888 | K15: =SUM(K16:K29) -> 1448.52 | L15: =(L16+L24) -> 6377.408 | M15: =L15*(1+$G$5) -> 7941.7637
B16: 94965 | D16: SINAPI | E16: CONCRETO FCK = 25MPA, TRAÇO 1:2,3:2,7 (EM MASSA SECA DE CIMENTO/ AREIA MÉDIA/ BRITA 1) - PREPARO MECÂNICO COM BETONEIRA 400 L. AF_05/2021 | F16: M3 | H16: 4.6 | I16: 572.48 | K16: =Tabela1[[#This Row],[Coluna1]]*H15 -> 0 | L16: =H16*I16 -> 2633.408 | M16: =L16*(1+$G$5) -> 3279.3737
B17: COMPOSICAO | C17: 88831 | D17: SINAPI | E17: BETONEIRA CAPACIDADE NOMINAL DE 400 L, CAPACIDADE DE MISTURA 280 L, MOTOR ELÉTRICO TRIFÁSICO POTÊNCIA DE 2 CV, SEM CARREGADOR - CHI DIURNO. AF_05/2023 | F17: CHI | H17: 0.37 | I17: 0.26 | J17: =Tabela1[[#This Row],[VALOR UNIT]]*H16 -> 1.196 | K17: =Tabela1[[#This Row],[Coluna1]]*H16 -> 0 | L17: =H17*I17 -> 0.0962 | M17: =L17*(1+$G$5) -> 0.11979752
B18: COMPOSICAO | C18: 88830 | D18: SINAPI | E18: BETONEIRA CAPACIDADE NOMINAL DE 400 L, CAPACIDADE DE MISTURA 280 L, MOTOR ELÉTRICO TRIFÁSICO POTÊNCIA DE 2 CV, SEM CARREGADOR - CHP DIURNO. AF_05/2023 | F18: CHP | H18: 1.98 | I18: 1.49 | J18: =Tabela1[[#This Row],[VALOR UNIT]]*H16 -> 6.854 | K18: =Tabela1[[#This Row],[Coluna1]]*H17 -> 0 | L18: =H18*I18 -> 2.9502 | M18: =L18*(1+$G$5) -> 3.6738737
B19: COMPOSICAO | C19: 88377 | D19: SINAPI | E19: OPERADOR DE BETONEIRA ESTACIONÁRIA/MISTURADOR COM ENCARGOS COMPLEMENTARES | F19: H | H19: 33.35 | I19: 48.81 | K19: =Tabela1[[#This Row],[VALOR UNIT]]*H16 -> 224.526 | L19: =H19*I19 -> 1627.8135 | M19: =L19*(1+$G$5) -> 2027.1104
B20: COMPOSICAO | C20: 88316 | D20: SINAPI | E20: SERVENTE COM ENCARGOS COMPLEMENTARES | F20: H | H20: 24.83 | I20: 57.39 | K20: =Tabela1[[#This Row],[VALOR UNIT]]*H16 -> 263.994 | L20: =H20*I20 -> 1424.9937 | M20: =L20*(1+$G$5) -> 1774.5396
B21: INSUMO | C21: 4721 | D21: SINAPI | E21: PEDRA BRITADA N. 1 (9,5 A 19 MM) POSTO PEDREIRA/FORNECEDOR, SEM FRETE | F21: M3 | H21: 98.75 | I21: 58.59 | J21: =Tabela1[[#This Row],[VALOR UNIT]]*H16 -> 269.514 | K21: =Tabela1[[#This Row],[Coluna1]]*H20 -> 0 | L21: =H21*I21 -> 5785.7625 | M21: =L21*(1+$G$5) -> 7204.9896
B22: INSUMO | C22: 1379 | D22: SINAPI | E22: CIMENTO PORTLAND COMPOSTO CP II-32 | F22: KG | H22: 0.93 | I22: 337.27 | J22: =Tabela1[[#This Row],[VALOR UNIT]]*H16 -> 1551.442 | K22: =Tabela1[[#This Row],[Coluna1]]*H21 -> 0 | L22: =H22*I22 -> 313.6611 | M22: =L22*(1+$G$5) -> 390.60106
B23: INSUMO | C23: 370 | D23: SINAPI | E23: AREIA MEDIA - POSTO JAZIDA/FORNECEDOR (RETIRADO NA JAZIDA, SEM TRANSPORTE) | F23: M3 | H23: 95 | I23: 68.67 | J23: =Tabela1[[#This Row],[VALOR UNIT]]*H16 -> 315.882 | K23: =Tabela1[[#This Row],[Coluna1]]*H22 -> 0 | L23: =H23*I23 -> 6523.65 | M23: =L23*(1+$G$5) -> 8123.8783
B24: 104919 | D24: SINAPI | E24: ARMAÇÃO DE SAPATA ISOLADA, VIGA BALDRAME E SAPATA CORRIDA UTILIZANDO AÇO CA-50 DE 10 MM - MONTAGEM. AF_01/2024 | F24: KG | H24: 300 | I24: 12.48 | J24: 0 | K24: =Tabela1[[#This Row],[Coluna1]]*H23 -> 0 | L24: =H24*I24 -> 3744 | M24: =L24*(1+$G$5) -> 4662.39
B25: COMPOSICAO | C25: 92803 | D25: SINAPI | E25: CORTE E DOBRA DE AÇO CA-50, DIÂMETRO DE 10,0 MM. AF_06/2022 | F25: KG | H25: 8.71 | I25: 8.71 | J25: =Tabela1[[#This Row],[VALOR UNIT]]*H24 -> 2613 | K25: =Tabela1[[#This Row],[Coluna1]]*H24 -> 0 | L25: 0 | M25: =L25*(1+$G$5) -> 0
B26: COMPOSICAO | C26: 88245 | D26: SINAPI | E26: ARMADOR COM ENCARGOS COMPLEMENTARES | F26: H | H26: 29.66 | I26: 2.4 | K26: =Tabela1[[#This Row],[VALOR UNIT]]*H24 -> 720 | L26: 0 | M26: =L26*(1+$G$5) -> 0
B27: COMPOSICAO | C27: 88238 | D27: SINAPI | E27: AJUDANTE DE ARMADOR COM ENCARGOS COMPLEMENTARES | F27: H | H27: 26.1 | I27: 0.8 | K27: =Tabela1[[#This Row],[VALOR UNIT]]*H24 -> 240 | L27: 0 | M27: =L27*(1+$G$5) -> 0
B28: INSUMO | C28: 43132 | D28: SINAPI | E28: ARAME RECOZIDO 16 BWG, D = 1,65 MM (0,016 KG/M) OU 18 BWG, D = 1,25 MM (0,01 KG/M) | F28: KG | H28: 20.99 | I28: 0.52 | J28: =Tabela1[[#This Row],[VALOR UNIT]]*H24 -> 156 | K28: =Tabela1[[#This Row],[Coluna1]]*H27 -> 0 | L28: 0 | M28: =L28*(1+$G$5) -> 0
B29: INSUMO | C29: 39017 | D29: SINAPI | E29: ESPACADOR / DISTANCIADOR CIRCULAR COM ENTRADA LATERAL, EM PLASTICO, PARA VERGALHAO *4,2 A 12,5* MM, COBRIMENTO 20 MM | F29: UN | H29: 0.14 | I29: 0.05 | J29: =Tabela1[[#This Row],[VALOR UNIT]]*H24 -> 15 | K29: =Tabela1[[#This Row],[Coluna1]]*H28 -> 0 | L29: 0 | M29: =L29*(1+$G$5) -> 0
A30: 3 | B30: Estrutura | J30: =SUM(J31:J52) -> 15267.313 | K30: =SUM(K31:K52) -> 4624.5307 | L30: =SUM(L31+L39+L45) -> 19891.844 | M30: =L30*(1+$G$5) -> 24771.243
B31: 92269 | D31: SINAPI | E31: FABRICAÇÃO DE FÔRMA PARA PILARES E ESTRUTURAS SIMILARES, EM MADEIRA SERRADA, E=25 MM. AF_09/2020 | F31: M2 | H31: 61.47 | I31: 121.47 | K31: =Tabela1[[#This Row],[Coluna1]]*H30 -> 0 | L31: =H31*I31 -> 7466.7609 | M31: =L31*(1+$G$5) -> 9298.331
B32: COMPOSICAO | C32: 91693 | D32: SINAPI | E32: SERRA CIRCULAR DE BANCADA COM MOTOR ELÉTRICO POTÊNCIA DE 5HP, COM COIFA PARA DISCO 10" - CHI DIURNO. AF_08/2015 | F32: CHI | H32: 38.45 | I32: 7.72 | J32: =Tabela1[[#This Row],[VALOR UNIT]]*H31 -> 474.5484 | K32: =Tabela1[[#This Row],[Coluna1]]*H31 -> 0 | L32: 0 | M32: =L32*(1+$G$5) -> 0
B33: COMPOSICAO | C33: 91692 | D33: SINAPI | E33: SERRA CIRCULAR DE BANCADA COM MOTOR ELÉTRICO POTÊNCIA DE 5HP, COM COIFA PARA DISCO 10" - CHP DIURNO. AF_08/2015 | F33: CHP | H33: 39.93 | I33: 1.99 | J33: =Tabela1[[#This Row],[VALOR UNIT]]*H31 -> 122.3253 | K33: =Tabela1[[#This Row],[Coluna1]]*H32 -> 0 | L33: 0 | M33: =L33*(1+$G$5) -> 0
B34: COMPOSICAO | C34: 88262 | D34: SINAPI | E34: CARPINTEIRO DE FORMAS COM ENCARGOS COMPLEMENTARES | F34: H | H34: 29.23 | I34: 17.74 | K34: =Tabela1[[#This Row],[VALOR UNIT]]*H31 -> 1090.4778 | L34: 0 | M34: =L34*(1+$G$5) -> 0
B35: COMPOSICAO | C35: 88239 | D35: SINAPI | E35: AJUDANTE DE CARPINTEIRO COM ENCARGOS COMPLEMENTARES | F35: H | H35: 25.73 | I35: 3.67 | K35: =Tabela1[[#This Row],[VALOR UNIT]]*H31 -> 225.5949 | L35: 0 | M35: =L35*(1+$G$5) -> 0
B36: INSUMO | C36: 6212 | D36: SINAPI | E36: TABUA *2,5 X 30 CM EM PINUS, MISTA OU EQUIVALENTE DA REGIAO - BRUTA | F36: M | H36: 11.93 | I36: 77.9 | J36: =Tabela1[[#This Row],[VALOR UNIT]]*H31 -> 4788.513 | K36: =Tabela1[[#This Row],[Coluna1]]*H35 -> 0 | L36: 0 | M36: =L36*(1+$G$5) -> 0
B37: INSUMO | C37: 5068 | D37: SINAPI | E37: PREGO DE ACO POLIDO COM CABECA 17 X 21 (2 X 11) | F37: KG | H37: 15.54 | I37: 1.33 | J37: =Tabela1[[#This Row],[VALOR UNIT]]*H31 -> 81.7551 | K37: =Tabela1[[#This Row],[Coluna1]]*H36 -> 0 | L37: 0 | M37: =L37*(1+$G$5) -> 0
B38: INSUMO | C38: 4517 | D38: SINAPI | E38: SARRAFO *2,5 X 7,5* CM EM PINUS, MISTA OU EQUIVALENTE DA REGIAO - BRUTA | F38: M | H38: 2.51 | I38: 11.12 | J38: =Tabela1[[#This Row],[VALOR UNIT]]*H31 -> 683.5464 | K38: =Tabela1[[#This Row],[Coluna1]]*H37 -> 0 | L38: 0 | M38: =L38*(1+$G$5) -> 0
B39: 96546 | D39: SINAPI | E39: ARMAÇÃO DE BLOCO UTILIZANDO AÇO CA-50 DE 10 MM - MONTAGEM. AF_01/2024 | F39: KG | H39: 500 | I39: 13.87 | K39: =Tabela1[[#This Row],[Coluna1]]*H38 -> 0 | L39: =H39*I39 -> 6935 | M39: =L39*(1+$G$5) -> 8636.131
B40: COMPOSICAO | C40: 92803 | D40: SINAPI | E40: CORTE E DOBRA DE AÇO CA-50, DIÂMETRO DE 10,0 MM. AF_06/2022 | F40: KG | H40: 8.71 | I40: 8.71 | J40: =Tabela1[[#This Row],[VALOR UNIT]]*H39 -> 4355 | K40: =Tabela1[[#This Row],[Coluna1]]*H39 -> 0 | L40: 0 | M40: =L40*(1+$G$5) -> 0
B41: COMPOSICAO | C41: 88245 | D41: SINAPI | E41: ARMADOR COM ENCARGOS COMPLEMENTARES | F41: H | H41: 29.66 | I41: 3.44 | K41: =Tabela1[[#This Row],[VALOR UNIT]]*H39 -> 1720 | L41: 0 | M41: =L41*(1+$G$5) -> 0
B42: COMPOSICAO | C42: 88238 | D42: SINAPI | E42: AJUDANTE DE ARMADOR COM ENCARGOS COMPLEMENTARES | F42: H | H42: 26.1 | I42: 1.14 | K42: =Tabela1[[#This Row],[VALOR UNIT]]*H39 -> 570 | L42: 0 | M42: =L42*(1+$G$5) -> 0
B43: INSUMO | C43: 43132 | D43: SINAPI | E43: ARAME RECOZIDO 16 BWG, D = 1,65 MM (0,016 KG/M) OU 18 BWG, D = 1,25 MM (0,01 KG/M) | F43: KG | H43: 20.99 | I43: 0.52 | J43: =Tabela1[[#This Row],[VALOR UNIT]]*H39 -> 260 | K43: =Tabela1[[#This Row],[Coluna1]]*H42 -> 0 | L43: 0 | M43: =L43*(1+$G$5) -> 0
B44: INSUMO | C44: 39017 | D44: SINAPI | E44: ESPACADOR / DISTANCIADOR CIRCULAR COM ENTRADA LATERAL, EM PLASTICO, PARA VERGALHAO *4,2 A 12,5* MM, COBRIMENTO 20 MM | F44: UN | H44: 0.14 | I44: 0.06 | J44: =Tabela1[[#This Row],[VALOR UNIT]]*H39 -> 30 | K44: =Tabela1[[#This Row],[Coluna1]]*H43 -> 0 | L44: 0 | M44: =L44*(1+$G$5) -> 0
B45: 94965 | D45: SINAPI | E45: CONCRETO FCK = 25MPA, TRAÇO 1:2,3:2,7 (EM MASSA SECA DE CIMENTO/ AREIA MÉDIA/ BRITA 1) - PREPARO MECÂNICO COM BETONEIRA 400 L. AF_05/2021 | F45: M3 | H45: 9.59 | I45: 572.48 | K45: =Tabela1[[#This Row],[Coluna1]]*H44 -> 0 | L45: =H45*I45 -> 5490.0832 | M45: =L45*(1+$G$5) -> 6836.7812
B46: COMPOSICAO | C46: 88831 | D46: SINAPI | E46: BETONEIRA CAPACIDADE NOMINAL DE 400 L, CAPACIDADE DE MISTURA 280 L, MOTOR ELÉTRICO TRIFÁSICO POTÊNCIA DE 2 CV, SEM CARREGADOR - CHI DIURNO. AF_05/2023 | F46: CHI | H46: 0.37 | I46: 0.26 | J46: =Tabela1[[#This Row],[VALOR UNIT]]*H45 -> 2.4934 | K46: =Tabela1[[#This Row],[Coluna1]]*H45 -> 0 | L46: 0 | M46: =L46*(1+$G$5) -> 0
B47: COMPOSICAO | C47: 88830 | D47: SINAPI | E47: BETONEIRA CAPACIDADE NOMINAL DE 400 L, CAPACIDADE DE MISTURA 280 L, MOTOR ELÉTRICO TRIFÁSICO POTÊNCIA DE 2 CV, SEM CARREGADOR - CHP DIURNO. AF_05/2023 | F47: CHP | H47: 1.98 | I47: 1.49 | J47: =Tabela1[[#This Row],[VALOR UNIT]]*H45 -> 14.2891 | K47: =Tabela1[[#This Row],[Coluna1]]*H46 -> 0 | L47: 0 | M47: =L47*(1+$G$5) -> 0
B48: COMPOSICAO | C48: 88377 | D48: SINAPI | E48: OPERADOR DE BETONEIRA ESTACIONÁRIA/MISTURADOR COM ENCARGOS COMPLEMENTARES | F48: H | H48: 33.35 | I48: 48.81 | K48: =Tabela1[[#This Row],[VALOR UNIT]]*H45 -> 468.0879 | L48: 0 | M48: =L48*(1+$G$5) -> 0
B49: COMPOSICAO | C49: 88316 | D49: SINAPI | E49: SERVENTE COM ENCARGOS COMPLEMENTARES | F49: H | H49: 24.83 | I49: 57.39 | K49: =Tabela1[[#This Row],[VALOR UNIT]]*H45 -> 550.3701 | L49: 0 | M49: =L49*(1+$G$5) -> 0
B50: INSUMO | C50: 4721 | D50: SINAPI | E50: PEDRA BRITADA N. 1 (9,5 A 19 MM) POSTO PEDREIRA/FORNECEDOR, SEM FRETE | F50: M3 | H50: 98.75 | I50: 58.59 | J50: =Tabela1[[#This Row],[VALOR UNIT]]*H45 -> 561.8781 | K50: =Tabela1[[#This Row],[Coluna1]]*H49 -> 0 | L50: 0 | M50: =L50*(1+$G$5) -> 0
B51: INSUMO | C51: 1379 | D51: SINAPI | E51: CIMENTO PORTLAND COMPOSTO CP II-32 | F51: KG | H51: 0.93 | I51: 337.27 | J51: =Tabela1[[#This Row],[VALOR UNIT]]*H45 -> 3234.4193 | K51: =Tabela1[[#This Row],[Coluna1]]*H50 -> 0 | L51: 0 | M51: =L51*(1+$G$5) -> 0
B52: INSUMO | C52: 370 | D52: SINAPI | E52: AREIA MEDIA - POSTO JAZIDA/FORNECEDOR (RETIRADO NA JAZIDA, SEM TRANSPORTE) | F52: M3 | H52: 95 | I52: 68.67 | J52: =Tabela1[[#This Row],[VALOR UNIT]]*H45 -> 658.5453 | K52: =Tabela1[[#This Row],[Coluna1]]*H51 -> 0 | L52: 0 | M52: =L52*(1+$G$5) -> 0
A53: 4 | B53: Alvenaria | J53: =SUM(J54:J62) -> 23521.532 | K53: =SUM(K54:K62) -> 15565.555 | L53: =(L54+L59) -> 39087.087 | M53: =L53*(1+$G$5) -> 48675.012
B54: 101165 | D54: SINAPI | E54: ALVENARIA DE EMBASAMENTO COM BLOCO ESTRUTURAL DE CONCRETO, DE 14X19X29CM E ARGAMASSA DE ASSENTAMENTO COM PREPARO EM BETONEIRA. AF_05/2020 | F54: M3 | H54: 32.36 | I54: 1144.15 | K54: =Tabela1[[#This Row],[Coluna1]]*H53 -> 0 | L54: =H54*I54 -> 37024.694 | M54: =L54*(1+$G$5) -> 46106.721
B55: COMPOSICAO | C55: 88316 | D55: SINAPI | E55: SERVENTE COM ENCARGOS COMPLEMENTARES | F55: H | H55: 24.83 | I55: 127.42 | K55: =Tabela1[[#This Row],[VALOR UNIT]]*H54 -> 4123.3112
B56: COMPOSICAO | C56: 88309 | D56: SINAPI | E56: PEDREIRO COM ENCARGOS COMPLEMENTARES | F56: H | H56: 29.88 | I56: 306.65 | K56: =Tabela1[[#This Row],[VALOR UNIT]]*H54 -> 9923.194
B57: COMPOSICAO | C57: 87292 | D57: SINAPI | E57: ARGAMASSA TRAÇO 1:2:8 (EM VOLUME DE CIMENTO, CAL E AREIA MÉDIA ÚMIDA) PARA EMBOÇO/MASSA ÚNICA/ASSENTAMENTO DE ALVENARIA DE VEDAÇÃO, PREPARO MECÂNICO COM BETONEIRA 400 L. AF_08/2019 | F57: M3 | H57: 637.26 | I57: 82.84 | J57: =Tabela1[[#This Row],[VALOR UNIT]]*H54 -> 2680.7024 | K57: =Tabela1[[#This Row],[Coluna1]]*H56 -> 0
B58: INSUMO | C58: 34566 | D58: SINAPI | E58: BLOCO DE CONCRETO ESTRUTURAL 14 X 19 X 29 CM (L X A X C) - FBK 6,0 MPA | F58: UN | H58: 5.13 | I58: 627.24 | J58: =Tabela1[[#This Row],[VALOR UNIT]]*H54 -> 20297.486 | K58: =Tabela1[[#This Row],[Coluna1]]*H57 -> 0
B59: 87905 | D59: SINAPI | E59: CHAPISCO APLICADO EM ALVENARIA (COM PRESENÇA DE VÃOS) E ESTRUTURAS DE CONCRETO DE FACHADA, COM COLHER DE PEDREIRO. ARGAMASSA TRAÇO 1:3 COM PREPARO EM BETONEIRA 400L. AF_10/2022 | F59: M2 | H59: 231.21 | I59: 8.92 | K59: =Tabela1[[#This Row],[Coluna1]]*H58 -> 0 | L59: =H59*I59 -> 2062.3932 | M59: =L59*(1+$G$5) -> 2568.291
B60: COMPOSICAO | C60: 88316 | D60: SINAPI | E60: SERVENTE COM ENCARGOS COMPLEMENTARES | F60: H | H60: 24.83 | I60: 1.42 | K60: =Tabela1[[#This Row],[VALOR UNIT]]*H59 -> 328.3182 | L60: 0 | M60: =L60*(1+$G$5) -> 0
B61: COMPOSICAO | C61: 88309 | D61: SINAPI | E61: PEDREIRO COM ENCARGOS COMPLEMENTARES | F61: H | H61: 29.88 | I61: 5.15 | K61: =Tabela1[[#This Row],[VALOR UNIT]]*H59 -> 1190.7315 | L61: 0 | M61: =L61*(1+$G$5) -> 0
B62: COMPOSICAO | C62: 87313 | D62: SINAPI | E62: ARGAMASSA TRAÇO 1:3 (EM VOLUME DE CIMENTO E AREIA GROSSA ÚMIDA) PARA CHAPISCO CONVENCIONAL, PREPARO MECÂNICO COM BETONEIRA 400 L. AF_08/2019 | F62: M3 | H62: 635.33 | I62: 2.35 | J62: =Tabela1[[#This Row],[VALOR UNIT]]*H59 -> 543.3435 | K62: =Tabela1[[#This Row],[Coluna1]]*H61 -> 0 | L62: 0 | M62: =L62*(1+$G$5) -> 0
A63: 5 | B63: Cobertura | J63: =SUM(J64:J87) -> 19939.409 | K63: =SUM(K64:K87) -> 2425.2955 | L63: =SUM(L64+L71+L78) -> 22364.704 | M63: =L63*(1+$G$5) -> 27850.688
B64: 92608 | D64: SINAPI | E64: FABRICAÇÃO E INSTALAÇÃO DE TESOURA INTEIRA EM AÇO, VÃO DE 6 M, PARA TELHA ONDULADA DE FIBROCIMENTO, METÁLICA, PLÁSTICA OU TERMOACÚSTICA, INCLUSO IÇAMENTO, EXCLUSIVE PINTURA. AF_10/2025 | F64: UN | H64: 4 | I64: 1155.71 | K64: =Tabela1[[#This Row],[Coluna1]]*H63 -> 0 | L64: =H64*I64 -> 4622.84 | M64: =L64*(1+$G$5) -> 5756.8063
B65: COMPOSICAO | C65: 92256 | D65: SINAPI | E65: INSTALAÇÃO DE TESOURA (INTEIRA OU MEIA), EM AÇO, PARA VÃOS MAIORES OU IGUAIS A 6,0 M E MENORES QUE 8,0 M, INCLUSO IÇAMENTO, EXCLUSIVE PINTURA. AF_10/2025_PE | F65: UN | H65: 305.98 | I65: 305.98 | K65: =Tabela1[[#This Row],[VALOR UNIT]]*H64 -> 1223.92 | L65: 0 | M65: =L65*(1+$G$5) -> 0
B66: COMPOSICAO | C66: 88316 | D66: SINAPI | E66: SERVENTE COM ENCARGOS COMPLEMENTARES | F66: H | H66: 24.83 | I66: 16.11 | K66: =Tabela1[[#This Row],[VALOR UNIT]]*H64 -> 64.44 | L66: 0 | M66: =L66*(1+$G$5) -> 0
B67: COMPOSICAO | C67: 88278 | D67: SINAPI | E67: MONTADOR DE ESTRUTURAS METÁLICAS COM ENCARGOS COMPLEMENTARES | F67: H | H67: 31.14 | I67: 72.74 | K67: =Tabela1[[#This Row],[VALOR UNIT]]*H64 -> 290.96 | L67: 0 | M67: =L67*(1+$G$5) -> 0
B68: INSUMO | C68: 40598 | D68: SINAPI | E68: PERFIL "U" SIMPLES, EM CHAPA DOBRADA DE ACO LAMINADO, E = 3 MM, H = 125 MM, L = 50 MM (5,07 KG/M) | F68: KG | H68: 8.18 | I68: 545.67 | J68: =Tabela1[[#This Row],[VALOR UNIT]]*H64 -> 2182.68 | K68: =Tabela1[[#This Row],[Coluna1]]*H67 -> 0 | L68: 0 | M68: =L68*(1+$G$5) -> 0
B69: INSUMO | C69: 10997 | D69: SINAPI | E69: ELETRODO REVESTIDO AWS - E7018, DIAMETRO IGUAL A 4,00 MM | F69: KG | H69: 61.57 | I69: 23.27 | J69: =Tabela1[[#This Row],[VALOR UNIT]]*H64 -> 93.08 | K69: =Tabela1[[#This Row],[Coluna1]]*H68 -> 0 | L69: 0 | M69: =L69*(1+$G$5) -> 0
B70: INSUMO | C70: 4777 | D70: SINAPI | E70: CANTONEIRA ACO ABAS IGUAIS (QUALQUER BITOLA), ESPESSURA ENTRE 1/8" E 1/4" | F70: KG | H70: 7.77 | I70: 191.94 | J70: =Tabela1[[#This Row],[VALOR UNIT]]*H64 -> 767.76 | K70: =Tabela1[[#This Row],[Coluna1]]*H69 -> 0 | L70: 0 | M70: =L70*(1+$G$5) -> 0
B71: 94216 | D71: SINAPI | E71: TELHAMENTO COM TELHA METÁLICA TERMOACÚSTICA E = 30 MM, COM ATÉ 2 ÁGUAS, INCLUSO IÇAMENTO. AF_07/2019 | F71: M2 | H71: 79.77 | I71: 175.85 | K71: =Tabela1[[#This Row],[Coluna1]]*H70 -> 0 | L71: =H71*I71 -> 14027.554 | M71: =L71*(1+$G$5) -> 17468.464
B72: COMPOSICAO | C72: 93282 | D72: SINAPI | E72: GUINCHO ELÉTRICO DE COLUNA, CAPACIDADE 400 KG, COM MOTO FREIO, MOTOR TRIFÁSICO DE 1,25 CV - CHI DIURNO. AF_03/2016 | F72: CHI | H72: 33.89 | I72: 0.04 | J72: =Tabela1[[#This Row],[VALOR UNIT]]*H71 -> 3.1908 | K72: =Tabela1[[#This Row],[Coluna1]]*H71 -> 0 | L72: 0 | M72: =L72*(1+$G$5) -> 0
B73: COMPOSICAO | C73: 93281 | D73: SINAPI | E73: GUINCHO ELÉTRICO DE COLUNA, CAPACIDADE 400 KG, COM MOTO FREIO, MOTOR TRIFÁSICO DE 1,25 CV - CHP DIURNO. AF_03/2016 | F73: CHP | H73: 34.93 | I73: 0.03 | J73: =Tabela1[[#This Row],[VALOR UNIT]]*H71 -> 2.3931 | K73: =Tabela1[[#This Row],[Coluna1]]*H72 -> 0 | L73: 0 | M73: =L73*(1+$G$5) -> 0
B74: COMPOSICAO | C74: 88323 | D74: SINAPI | E74: TELHADISTA COM ENCARGOS COMPLEMENTARES | F74: H | H74: 28.94 | I74: 1.62 | K74: =Tabela1[[#This Row],[VALOR UNIT]]*H71 -> 129.2274 | L74: 0 | M74: =L74*(1+$G$5) -> 0
B75: COMPOSICAO | C75: 88316 | D75: SINAPI | E75: SERVENTE COM ENCARGOS COMPLEMENTARES | F75: H | H75: 24.83 | I75: 1.53 | K75: =Tabela1[[#This Row],[VALOR UNIT]]*H71 -> 122.0481 | L75: 0 | M75: =L75*(1+$G$5) -> 0
B76: INSUMO | C76: 40740 | D76: SINAPI | E76: TELHA GALVALUME COM ISOLAMENTO TERMOACUSTICO EM ESPUMA RIGIDA DE POLIURETANO (PU) INJETADO, ESPESSURA DE 30 MM, DENSIDADE DE 35 KG/M3, REVESTIMENTO EM TELHA TRAPEZOIDAL NAS DUAS FACES COM ESPESSURA DE 0,50 MM CADA, ACABAMENTO NATURAL (NAO INCLUI ACESSORIOS DE FIXACAO) | F76: M2 | H76: 143.87 | I76: 164.87 | J76: =Tabela1[[#This Row],[VALOR UNIT]]*H71 -> 13151.68 | K76: =Tabela1[[#This Row],[Coluna1]]*H75 -> 0 | L76: 0 | M76: =L76*(1+$G$5) -> 0
B77: INSUMO | C77: 11029 | D77: SINAPI | E77: HASTE RETA PARA GANCHO DE FERRO GALVANIZADO, COM ROSCA 1/4" X 30 CM PARA FIXACAO DE TELHA METALICA, INCLUI PORCA E ARRUELAS DE VEDACAO | F77: CJ | H77: 1.87 | I77: 7.76 | J77: =Tabela1[[#This Row],[VALOR UNIT]]*H71 -> 619.0152 | K77: =Tabela1[[#This Row],[Coluna1]]*H76 -> 0 | L77: 0 | M77: =L77*(1+$G$5) -> 0
B78: 94229 | D78: SINAPI | E78: CALHA EM CHAPA DE AÇO GALVANIZADO NÚMERO 24, DESENVOLVIMENTO DE 100 CM, INCLUSO TRANSPORTE VERTICAL. AF_07/2019 | F78: M | H78: 19 | I78: 195.49 | K78: 0 | L78: =H78*I78 -> 3714.31 | M78: =L78*(1+$G$5) -> 4625.4171
B79: COMPOSICAO | C79: 93282 | E79: GUINCHO ELÉTRICO DE COLUNA, CAPACIDADE 400 KG, COM MOTO FREIO, MOTOR TRIFÁSICO DE 1,25 CV - CHI DIURNO. AF_03/2016 | F79: CHI | H79: 33.89 | I79: 0.62 | J79: =Tabela1[[#This Row],[VALOR UNIT]]*H78 -> 11.78 | K79: =Tabela1[[#This Row],[Coluna1]]*H78 -> 0 | L79: 0 | M79: =L79*(1+$G$5) -> 0
B80: COMPOSICAO | C80: 93281 | E80: GUINCHO ELÉTRICO DE COLUNA, CAPACIDADE 400 KG, COM MOTO FREIO, MOTOR TRIFÁSICO DE 1,25 CV - CHP DIURNO. AF_03/2016 | F80: CHP | H80: 34.93 | I80: 0.46 | J80: =Tabela1[[#This Row],[VALOR UNIT]]*H78 -> 8.74 | K80: =Tabela1[[#This Row],[Coluna1]]*H79 -> 0 | L80: 0 | M80: =L80*(1+$G$5) -> 0
B81: COMPOSICAO | C81: 88323 | E81: TELHADISTA COM ENCARGOS COMPLEMENTARES | F81: H | H81: 28.94 | I81: 15.59 | K81: =Tabela1[[#This Row],[VALOR UNIT]]*H78 -> 296.21 | L81: 0 | M81: =L81*(1+$G$5) -> 0
B82: COMPOSICAO | C82: 88316 | E82: SERVENTE COM ENCARGOS COMPLEMENTARES | F82: H | H82: 24.83 | I82: 15.71 | K82: =Tabela1[[#This Row],[VALOR UNIT]]*H78 -> 298.49 | L82: 0 | M82: =L82*(1+$G$5) -> 0
B83: INSUMO | C83: 40784 | E83: CALHA QUADRADA DE CHAPA DE ACO GALVANIZADA NUM 24, CORTE 100 CM | F83: M | H83: 97.88 | I83: 102.77 | J83: =Tabela1[[#This Row],[VALOR UNIT]]*H78 -> 1952.63 | L83: 0 | M83: =L83*(1+$G$5) -> 0
B84: INSUMO | C84: 13388 | E84: SOLDA EM BARRA DE ESTANHO-CHUMBO 50/50 | F84: KG | H84: 299.63 | I84: 53.93 | J84: =Tabela1[[#This Row],[VALOR UNIT]]*H78 -> 1024.67 | L84: 0 | M84: =L84*(1+$G$5) -> 0
B85: INSUMO | C85: 5104 | E85: REBITE DE REPUXO EM ALUMINIO VAZADO, DIAMETRO 3,2 X 8 MM DE COMPRIMENTO (1KG = 1025 UNIDADES) | F85: KG | H85: 86.4 | I85: 0.42 | J85: =Tabela1[[#This Row],[VALOR UNIT]]*H78 -> 7.98 | L85: 0 | M85: =L85*(1+$G$5) -> 0
B86: INSUMO | C86: 5061 | E86: PREGO DE ACO POLIDO COM CABECA 18 X 27 (2 1/2 X 10) | F86: KG | H86: 15.28 | I86: 0.38 | J86: =Tabela1[[#This Row],[VALOR UNIT]]*H78 -> 7.22 | L86: 0 | M86: =L86*(1+$G$5) -> 0
B87: INSUMO | C87: 142 | E87: SELANTE ELASTICO MONOCOMPONENTE A BASE DE POLIURETANO (PU) PARA JUNTAS DIVERSAS | F87: 310ML | H87: 34.86 | I87: 5.61 | J87: =Tabela1[[#This Row],[VALOR UNIT]]*H78 -> 106.59 | L87: 0 | M87: =L87*(1+$G$5) -> 0
A88: 6 | B88: Instalações Eletricas e hidraulica | J88: =SUM(J89+J210) -> 25657.05 | K88: =SUM(K89+K210) -> 9211.6567 | L88: =SUM(L89+L210) -> 34868.707 | M88: =L88*(1+$G$5) -> 43421.878
A89: 6.1 | B89: Elétrica | J89: =SUM(J90:J209) -> 22921.6 | K89: =SUM(K90:K209) -> 6774.35 | L89: =SUM(L90:L209) -> 29695.95 | M89: =L89*(1+$G$5) -> 36980.262
B90: 91940 | D90: SINAPI | E90: CAIXA RETANGULAR 4" X 2" MÉDIA (1,30 M DO PISO), PVC, INSTALADA EM PAREDE - FORNECIMENTO E INSTALAÇÃO. AF_03/2023 | F90: UN | H90: 1 | I90: 20.6 | K90: =Tabela1[[#This Row],[Coluna1]]*H89 -> 0 | L90: =H90*I90 -> 20.6 | M90: =L90*(1+$G$5) -> 25.653107
B91: COMPOSICAO | C91: 88629 | D91: SINAPI | E91: ARGAMASSA TRAÇO 1:3 (EM VOLUME DE CIMENTO E AREIA MÉDIA ÚMIDA), PREPARO MANUAL. AF_08/2019 | F91: M3 | H91: 763.59 | I91: 0.68 | J91: =Tabela1[[#This Row],[VALOR UNIT]]*H90 -> 0.68 | K91: =Tabela1[[#This Row],[Coluna1]]*H90 -> 0 | L91: 0 | M91: =L91*(1+$G$5) -> 0
B92: COMPOSICAO | C92: 88264 | D92: SINAPI | E92: ELETRICISTA COM ENCARGOS COMPLEMENTARES | F92: H | H92: 31.99 | I92: 9.3 | K92: =Tabela1[[#This Row],[VALOR UNIT]]*H90 -> 9.3 | L92: 0 | M92: =L92*(1+$G$5) -> 0
B93: COMPOSICAO | C93: 88247 | D93: SINAPI | E93: AUXILIAR DE ELETRICISTA COM ENCARGOS COMPLEMENTARES | F93: H | H93: 26.69 | I93: 7.76 | K93: =Tabela1[[#This Row],[VALOR UNIT]]*H90 -> 7.76 | L93: 0 | M93: =L93*(1+$G$5) -> 0
B94: INSUMO | C94: 1872 | D94: SINAPI | E94: CAIXA DE PASSAGEM, EM PVC, DE 4" X 2", PARA ELETRODUTO FLEXIVEL CORRUGADO | F94: UN | H94: 2.86 | I94: 2.86 | J94: =Tabela1[[#This Row],[VALOR UNIT]]*H90 -> 2.86 | K94: =Tabela1[[#This Row],[Coluna1]]*H93 -> 0 | L94: 0 | M94: =L94*(1+$G$5) -> 0
B95: 91857 | D95: SINAPI | E95: ELETRODUTO FLEXÍVEL CORRUGADO REFORÇADO, PVC, DN 32 MM (1"), PARA CIRCUITOS TERMINAIS, INSTALADO EM PAREDE - FORNECIMENTO E INSTALAÇÃO. AF_03/2023 | F95: M | H95: 100 | I95: 19.78 | K95: =Tabela1[[#This Row],[Coluna1]]*H94 -> 0 | L95: =H95*I95 -> 1978 | M95: =L95*(1+$G$5) -> 2463.1964
B96: COMPOSICAO | C96: 88264 | D96: SINAPI | E96: ELETRICISTA COM ENCARGOS COMPLEMENTARES | F96: H | H96: 31.99 | I96: 4.76 | K96: =Tabela1[[#This Row],[VALOR UNIT]]*H95 -> 476 | L96: 0 | M96: =L96*(1+$G$5) -> 0
B97: COMPOSICAO | C97: 88247 | D97: SINAPI | E97: AUXILIAR DE ELETRICISTA COM ENCARGOS COMPLEMENTARES | F97: H | H97: 26.69 | I97: 3.97 | K97: =Tabela1[[#This Row],[VALOR UNIT]]*H95 -> 397 | L97: 0 | M97: =L97*(1+$G$5) -> 0
B98: INSUMO | C98: 39245 | D98: SINAPI | E98: ELETRODUTO PVC FLEXIVEL CORRUGADO, REFORCADO, COR LARANJA, DE 32 MM, PARA LAJES E PISOS | F98: M | H98: 10.87 | I98: 11.05 | J98: =Tabela1[[#This Row],[VALOR UNIT]]*H95 -> 1105 | K98: =Tabela1[[#This Row],[Coluna1]]*H97 -> 0 | L98: 0 | M98: =L98*(1+$G$5) -> 0
B99: 91855 | D99: SINAPI | E99: ELETRODUTO FLEXÍVEL CORRUGADO REFORÇADO, PVC, DN 25 MM (3/4"), PARA CIRCUITOS TERMINAIS, INSTALADO EM PAREDE - FORNECIMENTO E INSTALAÇÃO. AF_03/2023 | F99: M | H99: 300 | I99: 13.59 | K99: 0 | L99: =H99*I99 -> 4077 | M99: =L99*(1+$G$5) -> 5077.0737
B100: COMPOSICAO | C100: 88264 | D100: SINAPI | E100: ELETRICISTA COM ENCARGOS COMPLEMENTARES | F100: H | H100: 31.99 | I100: 4.28 | K100: =Tabela1[[#This Row],[VALOR UNIT]]*H99 -> 1284 | L100: 0 | M100: =L100*(1+$G$5) -> 0
B101: COMPOSICAO | C101: 88247 | D101: SINAPI | E101: AUXILIAR DE ELETRICISTA COM ENCARGOS COMPLEMENTARES | F101: H | H101: 26.69 | I101: 3.57 | K101: =Tabela1[[#This Row],[VALOR UNIT]]*H99 -> 1071 | L101: 0 | M101: =L101*(1+$G$5) -> 0
B102: INSUMO | C102: 39244 | D102: SINAPI | E102: ELETRODUTO PVC FLEXIVEL CORRUGADO, REFORCADO, COR LARANJA, DE 25 MM, PARA LAJES E PISOS | F102: M | H102: 5.65 | I102: 5.74 | J102: =Tabela1[[#This Row],[VALOR UNIT]]*H99 -> 1722 | K102: =Tabela1[[#This Row],[Coluna1]]*H101 -> 0 | L102: 0 | M102: =L102*(1+$G$5) -> 0
B103: 91925 | D103: SINAPI | E103: CABO DE COBRE FLEXÍVEL ISOLADO, 1,5 MM², ANTI-CHAMA 0,6/1,0 KV, PARA CIRCUITOS TERMINAIS - FORNECIMENTO E INSTALAÇÃO. AF_03/2023 | F103: M | H103: 250 | I103: 4.07 | K103: =Tabela1[[#This Row],[Coluna1]]*H102 -> 0 | L103: =H103*I103 -> 1017.5 | M103: =L103*(1+$G$5) -> 1267.0892
B104: COMPOSICAO | C104: 88264 | D104: SINAPI | E104: ELETRICISTA COM ENCARGOS COMPLEMENTARES | F104: H | H104: 31.99 | I104: 0.73 | K104: =Tabela1[[#This Row],[VALOR UNIT]]*H103 -> 182.5 | L104: 0 | M104: =L104*(1+$G$5) -> 0
...

Sheet BDI
A1: CALCULADORA DE BDI — Fórmula do Acórdão TCU nº 2.622/2013
A2: BDI = [(1+AC+S+G+R) x (1+DF) x (1+L) / (1-I)] - 1 Esse percentual é usado na aba 'Planilha2' (célula G5) e aplicado sobre o custo direto (coluna TOTAL) para gerar a coluna TOTAL COM BDI.
A4: Componente | B4: Sigla | C4: Valor adotado | D4: Faixa de referência (edificações)*
A5: Administração Central | B5: AC | C5: 0.0467 | D5: 3,00% a 6,60%
A6: Seguro | B6: S | C6: 0.005 | D6: incluído na faixa Seguro+Garantia
A7: Garantia | B7: G | C7: 0.005 | D7: 0,80% a 1,00% (S+G)
A8: Risco | B8: R | C8: 0.0097 | D8: 0,97% a 1,27%
A9: Despesas Financeiras | B9: DF | C9: 0.0121 | D9: 0,59% a 1,39%
A10: Lucro | B10: L | C10: 0.0713 | D10: 6,16% a 8,96%
A12: Tributos (I)
A13: PIS | C13: 0.0065 | D13: alíquota federal fixa
A14: COFINS | C14: 0.03 | D14: alíquota federal fixa
A15: ISS | C15: 0.035 | D15: obra em Candiota/RS - alíquota de ISS para construção civil de 3,50% (confirme na prefeitura)
A16: CPRB (desoneração) | C16: 0 | D16: 0% pois os Encargos da planilha estão como 'Não desonerado'
A17: I = soma dos tributos | C17: =SUM(C13:C16) -> 0.0715
A19: BDI | C19: =((1+C5+C6+C7+C8)*(1+C9)*(1+C10)/(1-C17))-1 -> 0.24529647
A21: * Faixas de referência segundo o Acórdão TCU nº 2.622/2013 (mín-máx para obras de edificações). Os valores em azul são exemplos dentro dessas faixas — ajuste AC, S, G, R, DF e L conforme os custos reais da sua empresa, e confirme o ISS junto à prefeitura antes de fechar o orçamento.
A22: Lembrete: IRPJ e CSLL NÃO entram no BDI (vedado pelo TCU - são tributos sobre o lucro da empresa, não sobre o faturamento da obra).

Sheet Quadro BDI
A1: Quadro de Composição do BDI | D1: Grau de Sigilo #PÚBLICO
A2: Nº OPERAÇÃO | C2: Nº TRANSFEREGOV | D2: PROPONENTE / TOMADOR
D3: PREFEITURA MUNICIPAL DE CANDIOTA
A4: APELIDO DO EMPREENDIMENTO / DESCRIÇÃO DO LOTE
A5: GINÁSIO ESCOLA NELI BETEMPS
A6: Conforme legislação tributária municipal, definir estimativa de percentual da base de cálculo para o ISS: | D6: 1
A7: Sobre a base de cálculo, definir a respectiva alíquota do ISS (entre 2% e 5%): | D7: =BDI!C15 -> 0.035
A8: BDI 1
A9: TIPO DE OBRA
A10: Construção de Edificações em Geral (escolas, postos de saúde, ginásios e similares)
A11: Itens | C11: Siglas | D11: % Adotado
A12: Administração Central | C12: AC | D12: =BDI!C5 -> 0.0467
A13: Seguro e Garantia | C13: SG | D13: =BDI!C6+BDI!C7 -> 0.01
A14: Risco | C14: R | D14: =BDI!C8 -> 0.0097
A15: Despesas Financeiras | C15: DF | D15: =BDI!C9 -> 0.0121
A16: Lucro | C16: L | D16: =BDI!C10 -> 0.0713
A17: Tributos (impostos COFINS 3%, e PIS 0,65%) | C17: CP | D17: =BDI!C13+BDI!C14 -> 0.0365
A18: Tributos (ISS, variável de acordo com o município) | C18: ISS | D18: =BDI!C15 -> 0.035
A19: Tributos (Contribuição Previdenciária sobre a Receita Bruta - Lei 12.546 de 14/12/2011 - Desoneração) | C19: CPRB | D19: =BDI!C16 -> 0
A20: BDI SEM desoneração (Fórmula Acórdão TCU) | C20: BDI PAD | D20: =BDI!C19 -> 0.24529647
A22: Os valores de BDI foram calculados com o emprego da fórmula:
A23: BDI = [ (1+AC+S+R+G) x (1+DF) x (1+L) / (1-CP-ISS-CPRB) ] - 1
A25: Declaro para os devidos fins que, conforme legislação tributária municipal, a base de cálculo deste tipo de obra corresponde a 100%, com a respectiva alíquota de 3,50%.
A26: Declaro para os devidos fins que o regime de Contribuição Previdenciária sobre a Receita Bruta adotado para elaboração do orçamento foi SEM Desoneração, e que esta é a alternativa mais adequada para a Administração Pública.
A28: Observações:
A34: Candiota/RS, ____ de ______________ de 2026.
A36: Responsável Técnico
A37: Nome:
A38: CREA/CAU: | C38: ART/RRT:
A40: Os percentuais em verde (SG, R, DF, L, CP, ISS, CPRB, AC e BDI PAD) vêm automaticamente da aba 'BDI'. Para alterar qualquer valor (AC, S, G, R, DF, L ou ISS), edite a aba 'BDI' - este quadro e a coluna 'TOTAL COM BDI' da aba 'Planilha2' recalculam sozinhos.
